 Dungeon Crawl Stone Soup version 0.32-a0-913-g739538afd8 (webtiles) character file.

Game seed: 14675294503114595466

3 porpoise the Shooter (level 1, 0/16 HPs)
             Began as a Human Hunter on Apr 8, 2024.
             Slain by a jackal (2 damage)
             ... on level 1 of the Dungeon.
             The game lasted 00:00:44 (71 turns).

porpoise the Shooter (Human Hunter)                   Turns: 71, Time: 00:00:45

Health: 0/16       AC:  3    Str: 11    XL:     1   Next: 50%
Magic:  1/1        EV: 11    Int:  9    God:
Gold:   25         SH:  0    Dex: 16    Spells: 0/0 levels left

rFire   . . .        a - +0 shortbow
rCold   . . .        (shield currently unavailable)
rNeg    . . .        c - +0 leather armour
rPois   .            (no helmet)
rElec   .            (no cloak)
rCorr   .            (no gloves)
SInv    .            (no boots)
Will    .....        (no amulet)
Stlth   ++           (no ring)
HPRegen 0.22/turn    (no ring)
MPRegen 0.07/turn

%: no passive effects
@: no status effects
A: explore regen
a: no special abilities


You were on level 1 of the Dungeon.
You visited 1 branch of the dungeon, and saw 1 of its levels.

You collected 25 gold pieces.

Inventory:

Hand Weapons
 a - a +0 shortbow (weapon)
Armour
 c - a +0 leather armour (worn)
Scrolls
 b - a scroll of butterflies
 d - a scroll of immolation {unknown}


   Skills:
 + Level 2.0 Fighting
 * Level 4.1 Ranged Weapons
 - Level 2.0 Dodging
 + Level 1.1 Stealth


You couldn't memorise any spells.
You didn't know any spells.
Your spell library was empty.

Dungeon Overview and Level Annotations

Branches:
Dungeon (1/15)

Altars:


Innate Abilities, Weirdness & Mutations

You regain HP and MP as you explore.


Message History

You shoot an arrow. The arrow closely misses the jackal.
You shoot an arrow. The arrow closely misses the jackal.
The jackal bites you.
You shoot an arrow. The arrow misses the jackal.
The jackal bites you.
A ball python comes into view.
The jackal barely misses you.
You shoot an arrow. The arrow closely misses the jackal.
The ball python hisses angrily.
The jackal misses you.
The jackal bites you but does no damage.
You shoot an arrow. The arrow hits the jackal.
The jackal is heavily wounded.
The jackal barely misses you.
The jackal bites you but does no damage.
The goblin hits you but does no damage.
You shoot an arrow. The arrow barely misses the jackal.
The arrow closely misses the ball python.
The jackal bites you. The goblin barely misses you.
The ball python barely misses you. The ball python grabs you.
The ball python constricts you.
You shoot an arrow. The arrow hits the ball python!
You kill the ball python!
The jackal misses you. The jackal barely misses you.
The goblin hits you with a +0 club.
You are too injured to fight recklessly!
You are too injured to fight recklessly!
You are too injured to fight recklessly!
You are too injured to fight recklessly!
You shoot an arrow. The arrow hits the jackal.
The jackal is almost dead.
The jackal bites you but does no damage.
The goblin barely misses you. The jackal bites you.
You shoot an arrow. The arrow barely misses the jackal.
The jackal bites you.
* * * LOW HITPOINT WARNING * * *
The goblin hits you but does no damage. The jackal misses you.
The goblin barely misses you.
You shoot an arrow. The arrow closely misses the jackal.
The jackal bites you.
* * * LOW HITPOINT WARNING * * *
The goblin barely misses you. The jackal closely misses you.
You shoot an arrow. The arrow barely misses the jackal.
The jackal bites you.
You die...

...#..# #..#..#
......# +..'..#
......# #..#..#.
......# ...#..#. .
#.....# .#.#..#.##.
#.....#
...#..#...######†....#
#.##..##........hg...#
..##..##.....>..@#
.###..##.........#
####..##.........#
......##.........#
.................#
########.........#
#.........#
####'########
#........#


You could see a jackal and a goblin.

Vanquished Creatures
  An endoplasm (D:1)
  A jackal (D:1)
  A ball python (D:1)
3 creatures vanquished.

Notes
Turn   | Place    | Note
-------+----------+-------------------------------------------
     0 | D:1      | porpoise the Human Hunter began the quest for the Orb.
     0 | D:1      | Reached XP level 1. HP: 16/16 MP: 1/1
    71 | D:1      | Slain by a jackal

Illustrated notes

Levels and vault maps discovered:
D:1:      dpeg_arrival_refuge, layout_basic

Action                     || total
---------------------------++-------
   Fire: Shortbow          ||    14
 Armour: Leather armour    ||    14
  Dodge: Dodged            ||    12

Table legend: (Time is in decaauts)
 A = Elapsed time spent in this place.
 B = Non-inter-level travel time spent in this place.
 C = Inter-level travel time spent in this place.
 D = Time resting spent in this place.
 E = Time spent auto-exploring this place.
 F = Levels seen in this place.
 G = Mean time per level.
                   A        B        C        D        E       F      G
               +--------+--------+--------+--------+--------+-----+--------+
         Total |     74 |     74 |      0 |      0 |     51 |   1 |   74.0 |
       Dungeon |     74 |     74 |      0 |      0 |     51 |   1 |   74.0 |
               +--------+--------+--------+--------+--------+-----+--------+

Top non-repeatable levels by time:
     D:1: 74 daAuts
